 Dungeon Crawl Stone Soup version 0.31-a0-237-g2d982f9f85 (webtiles) character file.

Game seed: 10306661192699150238

128 qw the Shooter (level 5, -1/30 HPs)
             Began as a Gargoyle Hexslinger on July 10, 2023.
             Slain by a gnoll
             ... wielding a +2 halberd of flaming
              (8 damage)
             ... on level 3 of the Dungeon.
             The game lasted 00:00:50 (1479 turns).

qw the Shooter (Gargoyle Hexslinger)                Turns: 1479, Time: 00:00:51

Health: -1/30      AC:  9    Str: 10 (12) XL:     5   Next: 11%
Magic:  6/6        EV: 11    Int: 12 (13) God:
Gold:   120        SH:  0    Dex: 14      Spells: 5/6 levels left

rFire   . . .        Y - +1 sling
rCold   . . .        (no shield)
rNeg    + . .        a - +0 leather armour
rPois   inf          (no helmet)
rElec   +            (no cloak)
rCorr   .            j - +0 pair of gloves
SInv    .            i - +0 pair of boots
Will    .....        (no amulet)
Stlth   +            (no ring)
HPRegen 0.25/turn    (no ring)
MPRegen 0.10/turn

%: no passive effects
@: no status effects
A: sickness immunity, AC +4, negative energy resistance 1, electricity
resistance, torment resistance 1, petrification resistance
a: no special abilities


You were on level 3 of the Dungeon.
You visited 1 branch of the dungeon, and saw 3 of its levels.

You collected 140 gold pieces.
You spent 20 gold pieces at shops.


Innate Abilities, Weirdness & Mutations

You are immune to sickness and miasma.
Your stone body is resilient. (AC +4)
You are immune to poison.
You resist negative energy. (rN+)
You are resistant to electric shocks. (rElec)
You are resistant to unholy torment.
You are immune to petrification.


   Skills:
 - Level 2.0 Fighting
 + Level 4.8 Ranged Weapons
 - Level 1.5 Dodging
 - Level 1.0 Spellcasting
 - Level 2.6 Hexes


You had 5 spell levels left.
You knew the following spells:

 Your Spells              Type           Power      Damage    Failure   Level
a - Slow                  Hex            28%        N/A       14%         1

Your spell library contained the following spells:

 Spells                   Type           Power      Damage    Failure   Level
 Inner Flame              Hex/Fire       3%         N/A       56%         3
 Portal Projectile        Hex/Tloc       6%         N/A       56%         3
 Cause Fear               Hex            3%         N/A       80%         4

Inventory:

Hand Weapons
 Y - a +1 sling (weapon)
Armour
 a - a +0 leather armour (worn)
 i - a +0 pair of boots (worn)
 j - a +0 pair of gloves (worn)
Scrolls
 f - a scroll of identify
Potions
 b - a potion of curing
 c - a potion of might {unknown}
 d - a potion of mutation
 h - a potion of resistance {unknown}
 m - a potion of magic {unknown}

Dungeon Overview and Level Annotations

Branches:
Dungeon (3/15)

Altars:

Shops:
D:1 ?


Message History

The gnoll hits you from afar with a +0 spear.
You shoot a sling bullet.
The sling bullet barely misses the gnoll.
The gnoll hits you but does no damage. The gnoll barely misses you.
A gnoll comes into view. It is wielding a +0 club.
The gnoll hits you from afar with a +0 spear.
You shoot a sling bullet. The gnoll shouts!
The sling bullet hits the gnoll but does no damage.
The gnoll closely misses you. x2
You shoot a sling bullet. The sling bullet hits the gnoll.
The gnoll is lightly wounded.
The gnoll hits you but does no damage. The gnoll closely misses you.
The gnoll hits you but does no damage.
You shoot a sling bullet. The sling bullet hits the gnoll.
The gnoll is moderately wounded.
The gnoll barely misses you.
The gnoll hits you from afar with a +0 spear.
The gnoll closely misses you.
You shoot a sling bullet.
The sling bullet hits the gnoll but does no damage.
The gnoll is moderately wounded.
The gnoll closely misses you.
The gnoll hits you from afar with a +0 spear. x2
You shoot a sling bullet. The sling bullet hits the gnoll!
The gnoll is severely wounded.
The gnoll hits you from afar with a +0 spear.
The gnoll barely misses you. The gnoll closely misses you.
The gnoll hits you but does no damage. The gnoll barely misses you.
The gnoll hits you but does no damage.
You shoot a sling bullet. The sling bullet hits the gnoll.
You kill the gnoll!
The gnoll closely misses you.
The gnoll hits you from afar with a +2 halberd of flaming.
The gnoll burns you.
You feel your dexterity returning.
You shoot a sling bullet. The sling bullet hits the gnoll.
The gnoll is lightly wounded.
The gnoll hits you from afar with a +2 halberd of flaming!
You die...

...#...............
. #...............
.....##...<)......
....###...........
...................
#########.....#....
#...<## ... #....#
.# #%@.)# #
##g.g.....
#..g....# #.......#
#.......# #........
#.......# #########


You could see 3 gnolls.

Vanquished Creatures
  4 adders (D:2)
  2 gnolls
  7 worms
  3 dart slugs
  3 orcs
  5 ball pythons
  A bat (D:3)
  2 endoplasms
  2 giant cockroaches (D:1)
  2 goblins
  5 jackals (D:1)
  3 kobolds
  3 quokkas
  A frilled lizard (D:1)
  2 rats
45 creatures vanquished.

Notes
Turn   | Place    | Note
-------+----------+-------------------------------------------
     0 | D:1      | qw the Gargoyle Hexslinger began the quest for the Orb.
     0 | D:1      | Reached XP level 1. HP: 12/12 MP: 2/2
     0 | D:1      | 0 ||| qw: Version: 0.3-a-52-g30416fa
     0 | D:1      | 0 ||| qw: Game counter: 5344
     0 | D:1      | 0 ||| qw: Melee chars always use a shield: true
     0 | D:1      | 0 ||| qw: God list: Okawaru
     0 | D:1      | 0 ||| qw: Allow faded altars: false
     0 | D:1      | 0 ||| qw: Do Orc after clearing Dungeon:15 true
     0 | D:1      | 0 ||| qw: Do second Lair branch before Depths: true
     0 | D:1      | 0 ||| qw: Lair rune preference: random
     0 | D:1      | 0 ||| qw: Goals: Normal
     0 | D:1      | 0 ||| PLANNING D:1-11
    25 | D:1      | Reached XP level 2. HP: 16/16 MP: 3/3
    33 | D:1      | Reached skill level 3 in Ranged Weapons
    68 | D:1      | 68 ||| FLEEEEING.
   140 | D:1      | Reached XP level 3. HP: 18/21 MP: 4/4
   480 | D:1      | Found Elohaczanor's Magic Scroll Shoppe.
   486 | D:1      | 486 ||| BUYING scroll of identify (20 gold).
   486 | D:1      | Bought a scroll of identify for 20 gold pieces
   486 | D:1      | 486 ||| SHOPLISTING scroll of teleportation (30 gold, have
                  | 29).
   572 | D:1      | 572 ||| READING 2 scrolls of identify.
   572 | D:1      | 572 ||| IDENTIFYING ruby potion
   573 | D:1      | 573 ||| DROPPING scroll of poison.
   598 | D:2      | 598 ||| STAIRDANCE
   847 | D:2      | Reached XP level 4. HP: 21/26 MP: 5/5
   913 | D:2      | Reached skill level 4 in Ranged Weapons
  1030 | D:2      | Found a faded altar of an unknown god.
  1364 | D:2      | 1364 ||| UPGRADING to +0 pair of boots.
  1369 | D:2      | 1369 ||| UPGRADING to +0 pair of gloves.
  1374 | D:2      | 1374 ||| READING scroll labelled REOWUON OSTRI.
  1375 | D:2      | 1375 ||| READING scroll labelled RUGUTHRI JAURR.
  1376 | D:2      | 1376 ||| DRINKING 2 amethyst potions.
  1377 | D:2      | 1377 ||| DRINKING 2 viscous amethyst potions.
  1378 | D:2      | 1378 ||| READING 2 scrolls of identify.
  1378 | D:2      | 1378 ||| IDENTIFYING silvery potion
  1379 | D:2      | 1379 ||| DROPPING potion of brilliance.
  1380 | D:2      | 1380 ||| DROPPING potion of degeneration.
  1393 | D:3      | 1393 ||| STAIRDANCE
  1418 | D:2      | 1418 ||| UPGRADING to +0 leather armour.
  1428 | D:2      | 1428 ||| DROPPING +0 robe.
  1447 | D:3      | Reached XP level 5. HP: 30/30 MP: 6/6
  1478 | D:3      | HP: 7/30 [gnoll/+2 halberd of flaming (1)]
  1479 | D:3      | Slain by a gnoll

Levels and vault maps discovered:
D:1:      nicolae_arrival_somewhat_less_tricky_arrival, layout_rooms,
          serial_shops, shop, feat_on_display
D:2:      layout_rooms, nicolae_ecumenical_snake_handling, minivault_19,
          minmay_cupped
D:3:      layout_basic

Skill      XL: |  1  2  3  4 |
---------------+-------------+-----
Ranged Weapons | 3 4 |  4.8
Fighting       | 2 |  2.0
Dodging        | |  1.5
Spellcasting   | |  1.0
Hexes          | |  2.6

Action                     |  1- 3 |  4- 6 || total
---------------------------+-------+-------++-------
   Fire: Sling             |   115 |   107 ||   222
    Use: Scroll            |     1 |     3 ||     4
         Potion            |       |     2 ||     2
 Armour: Robe              |    17 |    14 ||    31
         Leather armour    |       |     6 ||     6
  Dodge: Dodged            |    34 |    62 ||    96

Table legend:
 A = Non-vault XP
 B = Vault XP
 C = Vault XP percentage of total XP
 D = Non-vault monster count
 E = Vault monster count
 F = Vault count percentage of total count
                 A         B        C        D         E       F
            +---------+---------+-------+---------+---------+-------
      Total |     148 |      35 |  19.1 |      38 |       7 |  15.6
            +---------+---------+-------+---------+---------+-------
        D:1 |      50 |       0 |   0.0 |      19 |       0 |   0.0
        D:2 |      66 |      35 |  34.7 |      13 |       7 |  35.0
        D:3 |      32 |       0 |   0.0 |       6 |       0 |   0.0
            +---------+---------+-------+---------+---------+-------
